 Dungeon Crawl Stone Soup version 0.20.1-1-g8b1a95d (webtiles) character file.

7980 KoningWillie the Carver (level 11, -2/94 HPs)
             Began as a Minotaur Fighter on Oct 26, 2017.
             Was a Priest of Uskayaw.
             Slain by an orc warrior
             ... wielding a +0 trident
             ... led by an orc knight
              (28 damage)
             ... on level 10 of the Dungeon.
             The game lasted 00:25:15 (9567 turns).

KoningWillie the Carver (Minotaur Fighter)          Turns: 9567, Time: 00:25:16

Health: -2/94      AC: 15    Str: 23    XL:     11   Next: 3%
Magic:  7/10       EV: 12    Int:  5    God:    Uskayaw [***...]
Gold:   201        SH:  0    Dex: 11    Spells: 10/10 levels left

rFire    + . .     SeeInvis .   u - +1 great sword
rCold    x . .     Gourm    .   (shield currently unavailable)
rNeg     . . .     Faith    .   b - +1 scale mail
rPois    .         Spirit   .   N - +1 hat
rElec    .         Reflect  .   E - scarf {repulsion}
rCorr    +         Harm     +   l - +0 pair of gloves
MR       .....                  C - +2 pair of boots
Stlth    +.........             A - amulet of harm
Regen    0.3/turn               n - ring of fire
MPRegen  0.2/turn               a - ring of resist corrosion

@: repel missiles
A: retaliatory headbutt, horns 2
a: Stomp, Line Pass, Renounce Religion


You were on level 10 of the Dungeon.
You worshipped Uskayaw.
Uskayaw was noncommittal.
You were hungry.

You visited 1 branch of the dungeon, and saw 10 of its levels.
You also visited: Ossuary.

You collected 524 gold pieces.
You spent 323 gold pieces at shops.

Inventory:

Hand Weapons
 u - a +1 great sword (weapon)
Missiles
 q - 3 silver tomahawks (quivered)
Armour
 b - a +1 scale mail (worn)
 l - a +0 pair of gloves (worn)
 C - a +2 pair of boots (worn)
 E - a scarf of repulsion (worn)
 N - a +1 hat (worn)
Jewellery
 a - a ring of resist corrosion (right hand)
 n - a ring of fire (left hand)
 z - the amulet of the Air {Inacc +Fly rElec EV+5 RMsl}
   (You found it on level 5 of the Dungeon)

   [amulet of inaccuracy]

   It reduces the accuracy of all your attacks.
   It affects your evasion (+5).
   It insulates you from electricity.
   It lets you fly.
   It protects you from missiles.
 A - an amulet of harm (around neck)
 F - an uncursed amulet of guardian spirit
 L - an uncursed ring of protection from cold
 T - a cursed +5 amulet of reflection
Wands
 c - a wand of flame (17/48)
 p - a wand of lightning (0/15)
 s - a wand of iceblast (0/15)
 w - a wand of paralysis (5/24)
 P - a wand of polymorph (4/24)
Scrolls
 g - 11 scrolls of teleportation
 y - a scroll of summoning
 B - 3 scrolls of remove curse
 I - 4 scrolls of identify
 Q - a scroll of recharging {unknown}
 R - a scroll of enchant armour
 S - a scroll of magic mapping
Potions
 d - 2 potions of might
 e - a potion of degeneration
 h - a potion of agility
 i - a potion of cancellation {unknown}
 j - 4 potions of flight
 m - a potion of lignification {unknown}
 o - a potion of mutation {unknown}
 r - 8 potions of curing
 x - 3 potions of ambrosia
 D - a potion of magic {unknown}
 G - a potion of berserk rage {unknown}
 H - a potion of haste {unknown}
 J - a potion of invisibility {unknown}
 K - 4 potions of brilliance {unknown}
Books
 O - a book of Misfortune

   Spells                             Type                      Level
   a - Confusing Touch                Hexes                        1
   b - Confuse                        Hexes                        3
   c - Gell's Gravitas                Translocation                3
   d - Petrify                        Transmutation/Earth          4
   e - Metabolic Englaciation         Hexes/Ice                    5
   f - Yara's Violent Unravelling     Hexes/Transmutation          5
Comestibles
 f - 8 bread rations
 k - 8 fruits
 t - 5 royal jellies
 M - 4 meat rations


   Skills:
 + Level 8.1 Fighting
 + Level 13.9 Long Blades
 + Level 9.4 Armour
 + Level 5.0 Dodging
 + Level 4.2 Stealth
   Level 5.2 Shields
 + Level 0.6 Evocations


You had 10 spell levels left.
You didn't know any spells.

Dungeon Overview and Level Annotations

Branches:
Dungeon (10/15)            Temple (0/1) D:7             Orc (0/2) D:9
   Lair: D:8-11

Altars:
Cheibriados
Gozag
Okawaru
Sif Muna
Uskayaw
Zin

Shops:
D:5 ?[}?[:   D:7 !

Annotations:
D:2 Natasha, Sigmund


Innate Abilities, Weirdness & Mutations

You reflexively headbutt those who attack you in melee.
You have a pair of horns on your head.


Message History

You hit the orc knight but do no damage.
The orc knight is almost dead.
The orc warrior misses you.
The orc knight hits you with a war axe!!
* * * LOW HITPOINT WARNING * * *
You hit the orc knight. You headbutt the orc knight.
The orc knight is almost dead.
The orc warrior hits you but does no damage.
The orc knight roars a battlecry!
The orc warrior goes into a battle-frenzy!
Uskayaw will force your foes to helplessly watch your dance.
You feel much better.
The orc warrior hits you from afar with a trident.
* * * LOW HITPOINT WARNING * * *
The orc knight hits you but does no damage.
A bullfrog skeleton comes into view.
You closely miss the orc knight. You headbutt the orc knight.
The orc knight is almost dead.
The orc warrior hits you from afar with a trident!!
You die...

#.......#####)######
#...................
#....#...................
#....#..))...............
#....#...).........).(...
#....#...............<...
#....#.......#'##########
#....#.......#....#
#....#..@....#....#
#....#.o)....#....#
#...)#o......#....#
#########...>'.......#....#
........#...Z#.......#...##
.............#..5....#####
...#....#....#.......+
...##........#.......#
.#..##.#.....#.......#


You could see an orc knight, an orc warrior, a crimson imp and a bullfrog
skeleton.

Vanquished Creatures
  Gastronok (D:8)
  A two-headed ogre (D:9)
  Maurice (D:9)
  Prince Ribbit (D:8)
  2 hippogriffs (D:8)
  A spriggan (D:9)
  Duvessa (D:7)
  2 sky beasts
  An orc warrior (D:10)
  4 ogres
  A necrophage (D:6)
  A phantom (D:4)
  3 centaurs
  A big kobold (D:7)
  3 bullfrogs
  Dowan (D:7)
  A wyvern skeleton (D:10)
  A water moccasin zombie (Ossuary)
  5 killer bees (D:10)
  11 wights
  2 howler monkeys (D:9)
  3 centaur zombies
  7 bullfrog zombies
  6 crimson imps
  5 orc priests
  5 hounds
  2 jellies (D:7)
  A bullfrog skeleton (D:10)
  2 iguanas
  5 orc wizards
  11 worker ants
  Ijyb (D:4)
  5 killer bee zombies (Ossuary)
  A hound zombie (Ossuary)
  2 hound skeletons
  15 mummies
  2 worker ant zombies (Ossuary)
  2 howler monkey zombies (Ossuary)
  4 gnolls (D:7)
  10 adders
  3 shadow imps (D:7)
  An ooze (D:3)
  A worm (D:5)
  5 adder zombies (Ossuary)
  2 dart slugs
  3 leopard geckos
  24 orcs
  8 bats
  5 giant cockroaches
  9 goblins
  4 hobgoblins
  13 jackals
  A quokka (D:5)
  2 ball pythons (D:3)
  6 frilled lizards
  A giant cockroach zombie (Ossuary)
  A jackal zombie (Ossuary)
  10 kobolds
  A leopard gecko zombie (Ossuary)
  A quokka skeleton (D:6)
  2 quokka zombies
  5 rats
242 creatures vanquished.

Notes
Turn   | Place    | Note
-------+----------+-------------------------------------------
     0 | D:1      | KoningWillie the Minotaur Fighter began the quest for the Orb.
     0 | D:1      | Reached XP level 1. HP: 19/19 MP: 0/0
   206 | D:1      | Reached XP level 2. HP: 18/27 MP: 1/1
   875 | D:2      | Found a faded altar of an unknown god.
   884 | D:2      | Reached skill level 3 in Long Blades
   884 | D:2      | Reached XP level 3. HP: 33/33 MP: 2/2
   977 | D:2      | Became a worshipper of Uskayaw the Reveler
   977 | D:2      | Reached * piety under Uskayaw
  1022 | D:2      | Reached ** piety under Uskayaw
  1078 | D:2      | Noticed Sigmund
  1103 | D:2      | Noticed Natasha
  1493 | D:3      | Reached XP level 4. HP: 27/40 MP: 3/3
  1494 | D:3      | Reached *** piety under Uskayaw
  1627 | D:3      | Reached skill level 4 in Long Blades
  1759 | D:3      | Reached XP level 5. HP: 39/46 MP: 4/4
  1884 | D:3      | Found an iron altar of Okawaru.
  1886 | D:3      | Found a glowing silver altar of Zin.
  2293 | D:3      | Reached skill level 1 in Dodging
  2639 | D:3      | Reached skill level 5 in Shields
  3270 | D:4      | Reached XP level 6. HP: 45/52 MP: 5/5
  3564 | D:4      | Reached skill level 5 in Long Blades
  3564 | D:4      | Reached skill level 5 in Armour
  3887 | D:4      | Noticed Ijyb
  3894 | D:4      | Killed Ijyb
  3894 | D:4      | Reached skill level 1 in Stealth
  4055 | D:4      | Reached XP level 7. HP: 55/60 MP: 6/6
  4284 | D:5      | Entered Level 5 of the Dungeon
  4289 | D:5      | Found Tenyc's Antique Armour Shop.
  4403 | D:5      | Found Navewn's Quality Used Wands.
  4412 | D:5      | Bought a wand of iceblast (0/15) for 44 gold pieces
  4461 | D:5      | Found Tyibb's Magic Scroll Shop.
  4477 | D:5      | Bought a scroll of summoning for 133 gold pieces
  4523 | D:5      | Found Hivioschu's Antique Armour Emporium.
  4611 | D:5      | Found Sawoted's Book Emporium.
  4673 | D:5      | Reached skill level 6 in Long Blades
  5344 | D:5      | Reached skill level 5 in Fighting
  5350 | D:5      | Found Xigeutt's Magic Scroll Shoppe.
  5359 | D:5      | Bought a scroll of identify for 26 gold pieces
  5569 | D:6      | Reached skill level 7 in Long Blades
  5672 | D:6      | Reached XP level 8. HP: 43/68 MP: 7/7
  5818 | D:6      | Found a snail-covered altar of Cheibriados.
  6107 | D:7      | Found a staircase to the Ecumenical Temple.
  6136 | D:7      | Reached skill level 8 in Long Blades
  6146 | D:7      | Noticed Duvessa
  6163 | D:7      | Killed Duvessa
  6219 | D:7      | Noticed Dowan
  6227 | D:7      | Killed Dowan
  6305 | D:7      | Found a sand-covered staircase.
  6310 | Ossuary  | Entered an ossuary
  6333 | Ossuary  | Reached **** piety under Uskayaw
  6334 | Ossuary  | Reached skill level 9 in Long Blades
  6340 | Ossuary  | Reached ***** piety under Uskayaw
  6352 | Ossuary  | Reached ****** piety under Uskayaw
  6470 | Ossuary  | Reached XP level 9. HP: 69/75 MP: 8/8
  6525 | Ossuary  | Reached skill level 10 in Long Blades
  6757 | D:7      | Found Fedam's Distillery.
  6773 | D:7      | Bought a potion of heal wounds for 75 gold pieces
  6773 | D:7      | Bought a potion of curing for 45 gold pieces
  6859 | D:7      | Found a deep blue altar of Sif Muna.
  7215 | D:8      | Noticed Prince Ribbit
  7244 | D:8      | Killed Prince Ribbit
  7558 | D:8      | Reached skill level 11 in Long Blades
  7662 | D:8      | Noticed a two-headed ogre
  7736 | D:9      | Noticed Gastronok
  7761 | D:8      | Killed Gastronok
  7761 | D:8      | Reached skill level 12 in Long Blades
  7761 | D:8      | Reached XP level 10. HP: 36/86 MP: 6/9
  7923 | D:9      | Noticed a two-headed ogre
  7927 | D:9      | Killed a two-headed ogre
  7927 | D:9      | Reached skill level 13 in Long Blades
  8228 | D:9      | Reached skill level 5 in Dodging
  8245 | D:9      | Found a staircase to the Orcish Mines.
  8268 | D:9      | Noticed Maurice
  8276 | D:9      | Killed Maurice
  8736 | D:9      | Found an opulent altar of Gozag.
  9086 | D:10     | Entered Level 10 of the Dungeon
  9434 | D:10     | Reached XP level 11. HP: 94/94 MP: 10/10
  9537 | D:10     | Noticed an orc knight
  9567 | D:10     | Slain by an orc warrior

Skill      XL: |  1  2  3  4  5  6  7  8  9 10 |
---------------+-------------------------------+-----
Armour         | 4 5 6 7 8 9 |  9.4
Long Blades    | 3 4 5 7 9 12 13 | 13.9
Shields        | 4 5 |  5.2
Dodging        | 1 2 3 4 5 |  5.0
Fighting       | 4 5 7 8 |  8.1
Stealth        | 1 2 3 4 |  4.2
Evocations     | |  0.6

Action                   |  1- 3 |  4- 6 |  7- 9 | 10-12 || total
-------------------------+-------+-------+-------+-------++-------
Melee: Long sword        |    95 |    79 |       |       ||   174
       Headbutt          |    12 |    27 |    68 |    14 ||   121
       Great sword       |       |    32 |   290 |    84 ||   406
Invok: Stomp             |       |     2 |     2 |     1 ||     5
Evoke: Wand              |       |       |     1 |     4 ||     5
  Use: Scroll            |     4 |     3 |    11 |     7 ||    25
       Potion            |       |       |     4 |     1 ||     5
 Stab: Paralysed         |       |     1 |    11 |     8 ||    20
  Eat: Bread ration      |     1 |     1 |     1 |       ||     3
       Meat ration       |       |     1 |     1 |     1 ||     3
Armor: Scale mail        |    54 |    76 |   116 |    40 ||   286
Dodge: Dodged            |    35 |    52 |   201 |    54 ||   342
       Deflected         |       |       |       |     1 ||     1
Block: Shield            |    46 |    62 |       |       ||   108
       Rpst.: Long sword |     9 |     9 |       |       ||    18
       Great sword       |       |    12 |    59 |    13 ||    84
